 Dungeon Crawl Stone Soup version 0.31-a0-632-g766dd24fdf (webtiles) character file.

Game seed: 12779796153142632374

1169 Dittersdorf the Trooper (level 8, -2/51 HPs)
             Began as a Gargoyle Fighter on Aug 25, 2023.
             Killed from afar by a gargoyle (16 damage)
             ... with a stone arrow
             ... on level 6 of the Dungeon.
             The game lasted 00:06:11 (4862 turns).

Dittersdorf the Trooper (Gargoyle Fighter)          Turns: 4862, Time: 00:06:12

Health: -2/51      AC: 18    Str: 22    XL:     8   Next: 40%
Magic:  8/8        EV:  8    Int:  9    God:
Gold:   290        SH:  5    Dex:  9    Spells: 7/7 levels left

rFire   + . .        n - +2 whip (elec)
rCold   . . .        c - +0 buckler
rNeg    + . .        f - +0 chain mail
rPois   ∞            o - +0 helmet
rElec   +            i - +0 cloak
rCorr   .            (no gloves)
SInv    .            (no boots)
Will    .....        (no amulet) Stlth
                     g - +4 ring of slaying
HPRegen 0.28/turn    v - ring of protection from fire
MPRegen 0.11/turn

%: no passive effects
@: no status effects
A: sickness immunity, AC +5, negative energy resistance 1, electricity
resistance, torment resistance 1, petrification resistance
a: no special abilities


You were on level 6 of the Dungeon.
You visited 1 branch of the dungeon, and saw 6 of its levels.

You collected 290 gold pieces.

Inventory:

Hand Weapons
 a - a +1 flail
 n - a +2 whip of electrocution (weapon)
Missiles
 m - 2 throwing nets
Armour
 c - a +0 buckler (worn)
 f - a +0 chain mail (worn)
 h - a +0 plate armour
 i - a +0 cloak (worn)
 o - a +0 helmet (worn)
Jewellery
 g - a +4 ring of slaying (left hand)
 v - a ring of protection from fire (right hand)
Wands
 b - a wand of iceblast (8)
 e - a wand of mindburst (20)
Scrolls
 k - a scroll of fog
 u - a scroll of fear
Potions
 d - a potion of might
 j - a potion of lignification {unknown}
 p - a potion of haste
 q - a potion of attraction {unknown}
 r - 3 potions of brilliance {unknown}
 w - 2 potions of curing {unknown}
 x - a potion of ambrosia


   Skills:
 + Level 6.2 Fighting
 + Level 5.2 Maces & Flails
 + Level 6.2 Armour
 + Level 6.2 Shields


You had 7 spell levels left.
You didn't know any spells.
Your spell library contained the following spells:

 Spells                   Type           Power      Damage    Failure   Level
 Necrotise                Necr           0%         1d4       95%         1
 Call Canine Familiar     Summ           0%         N/A       100%        3
 Dazzling Flash           Conj/Hex       0%         N/A       100%        3
 Portal Projectile        Hex/Tloc       0%         N/A       100%        3
 Vampiric Draining        Necr           0%         2d6       100%        3
 Vhi's Electric Charge    Tloc/Air       0%         N/A       100%        3
 Leda's Liquefaction      Hex/Erth       0%         N/A       100%        4
 Agony                    Necr           0%         N/A       100%        5
 Arcjolt                  Conj/Air       0%         1d10      100%        5
 Silence                  Hex/Air        0%         N/A       100%        5
 Plasma Beam              Fire/Air       0%         2x1d10    100%        6


Dungeon Overview and Level Annotations

Branches:
Dungeon (6/15)
 Temple: D:4-7

Altars:
Ashenzari
Vehumet

Shops:
D:4 [


Innate Abilities, Weirdness & Mutations

You are immune to sickness and miasma.
Your stone body is resilient. (AC +5)
You are immune to poison.
You resist negative energy. (rN+)
You are resistant to electric shocks. (rElec)
You are resistant to unholy torment.
You are immune to petrification.


Message History

No target in view!
No target in view!
No target in view!
No target in view!
No target in view!
No target in view!
No target in view!
No target in view!
No target in view!
No target in view!
No target in view!
There is a stone staircase leading down here.
Found a scale mail.
There is an open door here.
A gargoyle comes into view. It is wielding a +0 mace.
The gargoyle hurls a stone arrow at you.
The stone arrow hits you!!
The gargoyle hurls a stone arrow at you.
The stone arrow hits you but does no damage.
You hit the gargoyle but do no damage.
The gargoyle hurls a stone arrow at you.
The stone arrow hits you!
* * * LOW HITPOINT WARNING * * *
You are too injured to fight recklessly!
You are too injured to fight recklessly!
You are too injured to fight recklessly!
You are too injured to fight recklessly!
You are too injured to fight recklessly!
You are too injured to fight recklessly!
You are too injured to fight recklessly!
You are too injured to fight recklessly!
You are too injured to fight recklessly!
You are too injured to fight recklessly!
You are too injured to fight recklessly!
You are too injured to fight recklessly!
You are too injured to fight recklessly!
You are too injured to fight recklessly!
The gargoyle hurls a stone arrow at you.
The stone arrow hits you!
You die...

..###.. #..........##.
.....$..# #..........##.
........# ########...##.
........##########...##.
.........##..........##.
#.......##..........##.
#.......##....).....##.
##...................##.
.......@####'#####...##.
8#.......# #..# ######.
#.....9.# ##.####### #.
#.......# #.......# #.
#.......# #####...###.
######### #....##.
#....##. #....###
############### #.....##


You could see a gargoyle.

Vanquished Creatures
  Sigmund (D:6)
  2 ice beasts
  3 ogres
  A phantom (D:5)
  A hound (D:4)
  2 orc priests
  A jelly (D:4)
  2 sleepcaps (D:5)
  Robin (D:2)
  10 gnolls
  8 adders
  2 ufetubi
  2 worms (D:2)
  A dart slug (D:3)
  15 orcs
  6 endoplasms
  2 giant cockroaches
  12 goblins
  12 hobgoblins
  5 jackals (D:2)
  7 quokkas
  11 ball pythons
  7 bats
  A frilled lizard (D:1)
  5 kobolds
  4 rats
124 creatures vanquished.

Notes
Turn   | Place    | Note
-------+----------+-------------------------------------------
     0 | D:1      | Dittersdorf the Gargoyle Fighter began the quest for the
                  | Orb.
     0 | D:1      | Reached XP level 1. HP: 14/14 MP: 1/1
   183 | D:1      | Reached XP level 2. HP: 8/19 MP: 2/2
   770 | D:1      | Reached XP level 3. HP: 23/23 MP: 3/3
   881 | D:2      | Reached XP level 4. HP: 28/29 MP: 4/4
  1284 | D:2      | Noticed Robin
  1295 | D:2      | Killed Robin
  1511 | D:2      | Reached XP level 5. HP: 31/33 MP: 5/5
  2056 | D:3      | Found a radiant altar of Vehumet.
  2881 | D:4      | Reached XP level 6. HP: 37/39 MP: 6/6
  3023 | D:4      | Found a broken altar of Ashenzari.
  3242 | D:4      | Found Otutecza's Antique Armour Emporium.
  3406 | D:5      | Entered Level 5 of the Dungeon
  3428 | D:4      | Reached skill level 5 in Shields
  3436 | D:4      | Reached skill level 5 in Armour
  3587 | D:5      | Reached skill level 5 in Fighting
  3587 | D:5      | Reached XP level 7. HP: 28/44 MP: 7/7
  4078 | D:5      | Reached XP level 8. HP: 36/51 MP: 8/8
  4766 | D:6      | Noticed Sigmund
  4775 | D:6      | Killed Sigmund
  4776 | D:6      | Reached skill level 5 in Maces & Flails
  4858 | D:6      | Noticed a gargoyle
  4862 | D:6      | Killed from afar by a gargoyle

Illustrated notes

Levels and vault maps discovered:
D:1:      spicycebolla_arrival_ecumenical, layout_loops_cross
D:2:      layout_loops_cross, uniq_robin
D:3:      layout_basic, vehumet_crystals
D:4:      layout_rooms, mainiacjoe_overflow_tiny_flanked, serial_shops,
          shop_statue
D:5:      layout_gridville
D:6:      layout_basic, zin_academy, minmay_temple_entry_statues_pillars,
          uniq_menkaure, uniq_sigmund, uniq_edmund

Skill      XL: |  1  2  3  4  5  6  7  8 |
---------------+-------------------------+-----
Armour         | 4 5 6 |  6.2
Shields        | 4 5 6 |  6.2
Fighting       | 4 5 6 |  6.2
Maces & Flails | 3 4 5 |  5.2

Action                     |  1- 3 |  4- 6 |  7- 9 || total
---------------------------+-------+-------+-------++-------
  Melee: Flail             |    54 |    42 |       ||    96
         Whip              |       |   146 |    72 ||   218
    Use: Scroll            |       |     7 |     5 ||    12
 Armour: Chain mail        |    25 |    98 |    43 ||   166
         Scale mail        |     2 |       |       ||     2
  Dodge: Dodged            |    20 |    60 |    13 ||    93
  Block: Buckler           |    16 |    43 |    10 ||    69

Table legend: (Time is in decaauts)
 A = Elapsed time spent in this place.
 B = Non-inter-level travel time spent in this place.
 C = Inter-level travel time spent in this place.
 D = Time resting spent in this place.
 E = Time spent auto-exploring this place.
 F = Levels seen in this place.
 G = Mean time per level.
                   A        B        C        D        E       F      G
               +--------+--------+--------+--------+--------+-----+--------+
         Total |   4883 |   4694 |    189 |    378 |   3525 |   6 |  813.8 |
       Dungeon |   4883 |   4694 |    189 |    378 |   3525 |   6 |  813.8 |
               +--------+--------+--------+--------+--------+-----+--------+

Top non-repeatable levels by time:
     D:2: 1229 daAuts
     D:5: 1111 daAuts
     D:1: 885 daAuts
     D:3: 763 daAuts
     D:4: 710 daAuts
     D:6: 183 daAuts
